 Dungeon Crawl Stone Soup version 0.29.1-15-g9cfb28693d (webtiles) character file.

Game seed: 6934307024216804804

7825 kingofthe the Destroyer (level 11, -6/48 (54) HPs)
             Began as a Deep Elf Conjurer on Mar 7, 2023.
             Was a Believer of Sif Muna.
             Mangled by a spectral orc knight
             ... wielding a +0 war axe
             ... summoned by Nergalle
              (8 damage)
             ... on level 10 of the Dungeon on Mar 8, 2023.
             The game lasted 00:43:03 (13912 turns).

kingofthe the Destroyer (Deep Elf Conjurer)        Turns: 13912, Time: 00:43:03

HP:   -6/48 (54)    AC:  6    Str: 10    XL:     11   Next: 1%
MP:   19/27         EV: 15    Int: 26    God:    Sif Muna [**....]
Gold: 176           SH:  0    Dex: 15    Spells: 14/30 levels left

rFire   . . .      SeeInvis .   X - +3 rapier of Capital Punishment {venom, rC+}
rCold   + . .      Faith    .   (no shield)
rNeg    . . .      Spirit   .   a - +0 robe
rPois   .          Reflect  .   A - +2 helmet
rElec   .          Harm     .   z - scarf {repulsion}
rCorr   .          Rampage  .   (no gloves)
Will    +....                   I - +0 pair of boots
Stlth   +++.......              R - amulet of magic regeneration
HPRegen 0.16/turn               S - +6 ring of strength
MPRegen 0.60/turn               Z - ring of wizardry

@: about to teleport, heavily drained, repel missiles
A: no striking features
a: Renounce Religion, Channel Magic


You were on level 10 of the Dungeon.
You worshipped Sif Muna.
Sif Muna was pleased with you.
You visited 2 branches of the dungeon, and saw 11 of its levels.

You collected 536 gold pieces.
You spent 360 gold pieces at shops.


   Skills:
 * Level 7.3 Dodging
 + Level 5.9 Stealth
 + Level 10.2 Spellcasting
 + Level 10.9 Conjurations
 + Level 10.1 Hexes
 * Level 3.8 Translocations
 * Level 5.5 Invocations


You had 14 spell levels left.
You knew the following spells:

 Your Spells              Type           Power      Damage    Failure   Level
a - Magic Dart            Conj           100%       1d8       1%          1
b - Searing Ray           Conj           100%       2d8       1%          2
c - Fulminant Prism       Conj/Hex       31%        3d16      1%          4
d - Tukima's Dance        Hex            60%        N/A       1%          3
e - Iskenderun's Mystic   Conj/Tloc      51%        2d11      1%          4
z - Blink                 Tloc           66%        N/A       1%          2

Your spell library contained the following spells:

 Spells                   Type           Power      Damage    Failure   Level
 Apportation              Tloc           66%        N/A       1%          1
 Necrotise                Necr           52%        1d6       1%          1
 Summon Small Mammal      Summ           52%        N/A       1%          1
 Dazzling Flash           Conj/Hex       100%       N/A       1%          3
 Lesser Beckoning         Tloc           33%        N/A       1%          3
 Passage of Golubria      Tloc           33%        N/A       3%          4
 Ozocubu's Armour         Ice            13%        N/A       6%          3
 Yara's Violent Unravell  Hex/Tmut       19%        3d9       6%          5
 Manifold Assault         Tloc           33%        N/A       11%         5
 Corpse Rot               Necr/Pois/Air  13%        N/A       17%         4
 Dispel Undead            Necr           13%        3d9       17%         4
 Death Channel            Necr           6%         N/A       93%         6
 Ozocubu's Refrigeration  Ice            6%         4d8       100%        7

Inventory:

Hand Weapons
 t - a +1 spectral club
 M - a +2 vampiric spear
 X - the +3 rapier of Capital Punishment (weapon) {venom, rC+}
   (You found it on level 7 of the Dungeon)

   It poisons the flesh of those it strikes.
   rC:        It protects you from cold.
Armour
 a - a +0 robe (worn)
 z - a scarf of repulsion (worn)
 A - a +2 helmet (worn)
 I - a +0 pair of boots (worn)
Magical Staves
 O - a staff of death {!a}
 T - a staff of cold {!a}
 Y - a staff of earth {!a}
Jewellery
 c - a ring of ice
 s - a +6 ring of strength
 w - an amulet of regeneration
 C - a ring of ice
 F - an amulet of reflection
 L - a ring of flight
 N - a ring of positive energy
 Q - a ring of protection from cold
 R - an amulet of magic regeneration (around neck)
 S - a +6 ring of strength (left hand)
 V - an amulet of the acrobat
 Z - a ring of wizardry (right hand)
Wands
 r - a wand of acid (19)
 U - a wand of flame (16)
Scrolls
 f - 7 scrolls of identify {unknown}
 i - 4 scrolls of enchant weapon {unknown}
 l - a scroll of fear {unknown}
 n - a scroll of immolation {unknown}
 o - 2 scrolls of butterflies {unknown}
 p - 2 scrolls of blinking {unknown}
 q - a scroll of poison {unknown}
 u - 3 scrolls of magic mapping {unknown}
 v - 5 scrolls of teleportation {@r2}
 y - a scroll of brand weapon {unknown}
 B - 4 scrolls of vulnerability {unknown}
 D - a scroll of amnesia {unknown}
 E - a scroll of torment {unknown}
 K - 4 scrolls of enchant armour {unknown}
 P - 3 scrolls of summoning {unknown}
Potions
 b - a potion of magic
 d - 6 potions of curing {unknown}
 e - 5 potions of mutation {unknown}
 g - 2 potions of cancellation {unknown}
 h - 4 potions of brilliance {unknown}
 j - 2 potions of heal wounds {unknown}
 m - a potion of degeneration {unknown}
 x - a potion of might {unknown}
 G - 2 potions of flight {unknown}
 H - 2 potions of haste {unknown}
 J - a potion of ambrosia {unknown}
 W - 2 potions of attraction {unknown}

Dungeon Overview and Level Annotations

Branches:
Dungeon (10/15)            Temple (1/1) D:7             Orc (0/2) D:10
   Lair: D:8-11

Altars:
Ashenzari
Cheibriados
Dithmenos
Elyvilon
Fedhas
Gozag
Hepliaklqana
Kikubaaqudgha
Makhleb
Nemelex Xobeh
Okawaru
Qazlal
Ru
Sif Muna
Trog
Uskayaw
Vehumet
Wu Jian
Xom
Yredelemnul
Zin
The Shining One

Shops:
D:4 =   D:9 *

Annotations:
D:4 2 transporters, Smoke131's ghost, novice OgGl
D:9 exclusion: door
D:10 Nergalle

#...## ###..........▒.......
#..#.#########.......#.......
#.###.....# #.#..........#..
#..#.###### #.##.o.###..#▒#.
#.#.##########.###.## ▒#.....
##.#............#
#.####......
##.#..############
#.##........ ##.###.##
#########.##[##..... ##.##
##.## ##..@..o...##.#▒#...#
#.## ##.#
#..Z...........#..... ##.##
##.## #..#########.#.).....
##.###.## #..# #.##......
##.#..#####..# #..▒#...).
##..........#### ##....#▒#.
###.####......# #######..
#.........#.## #...
######...#...### #...


You could see Nergalle and a spectral orc knight (summoned).


Message History

Casting: Fulminant Prism (safe; 1% risk of failure)
Confirm with . or Enter, or press ? or * to list all spells.
You blink.
Nergalle points at you and mumbles some strange words.
The bolt of negative energy is repelled.
Casting: Blink (safe; 1% risk of failure)
Confirm with . or Enter, or press ? or * to list all spells.
You are still too unstable to blink.
Okay, then.
Okay, then.
Casting: Blink (safe; 1% risk of failure)
Confirm with . or Enter, or press ? or * to list all spells.
You erupt in a blast of force!
The mystic blast hits the spectral orc knight.
The spectral orc knight is lightly damaged.
The spectral orc knight is knocked back by the mystic blast.
The mystic blast hits Nergalle but does no damage.
Nergalle is heavily wounded.
Casting: Iskenderun's Mystic Blast (dangerous; 1% risk of failure)
Confirm with . or Enter, or press ? or * to list all spells.
You erupt in a blast of force!
The mystic blast hits Nergalle.
Nergalle is heavily wounded.
Nergalle is knocked back by the mystic blast.
Okay, then.
As you read the scroll labelled VESSINGELAI, it crumbles to dust.
You feel strangely unstable.
It was a scroll of teleportation.
You feel stable enough to blink again.
Nergalle asks, "There's a tasty morsel, hm?"
The spectral orc knight hits you with a +0 war axe!
You die...

Skill      XL: |  1  2  3  4  5  6  7  8  9 10 |
---------------+-------------------------------+-----
Dodging        | 3 4 5 7 |  7.3
Stealth        | 3 4 5 |  5.9
Conjurations   | 5 6 7 9 10 | 10.9
Spellcasting   | 4 5 6 8 9 10 | 10.2
Hexes          | 2 4 6 8 9 10 | 10.1
Invocations    | 3 5 |  5.5
Translocations | 3 |  3.8

Action                   |  1- 3 |  4- 6 |  7- 9 | 10-12 || total
-------------------------+-------+-------+-------+-------++-------
Melee: Unarmed           |       |     7 |       |       ||     7
       Club              |       |     5 |       |       ||     5
 Cast: Magic Dart        |    58 |    85 |    83 |    26 ||   252
       Searing Ray       |     3 |    25 |    55 |    18 ||   101
       Fulminant Prism   |       |       |    37 |    53 ||    90
       Tukima's Dance    |       |       |       |     1 ||     1
       Iskenderun's Myst |       |       |       |     2 ||     2
       Blink             |       |       |       |     1 ||     1
  Use: Scroll            |       |       |       |     1 ||     1
Armor: Robe              |     1 |     6 |    12 |    11 ||    30
Dodge: Dodged            |     2 |    21 |    38 |    49 ||   110
       Repelled          |       |       |     1 |     1 ||     2

Levels and vault maps discovered:
D:1:      scummos_arrival_star, layout_basic
D:2:      minmay_razor_zed, layout_basic, ebering_ecumenical_altar_webs,
          uniq_natasha, uniq_robin
D:3:      layout_loops_ring, mainiacjoe_overflow_small_starburst,
          serial_aquarium, aquarium_bridge_island_large
          [aquarium_subvault_large_1_pool, aquarium_subvault_bridge,
          aquarium_subvault_bridge, aquarium_subvault_balcony,
          aquarium_subvault_wall], aquarium_bridge_straight
          [aquarium_subvault_bridge, aquarium_subvault_balcony,
          aquarium_subvault_bridge, aquarium_subvault_wall],
          aquarium_window_corridor_3, aquarium_window_corner, aquarium_view_2a,
          aquarium_view_2a, aquarium_balcony_1b, uniq_ijyb
D:4:      layout_loops_ring, xom_confusion_cloud, gammafunk_ghost_smash,
          serial_shops, nicolae_shop_advertising_works
          [nicolae_subvault_shop_adworks]
D:5:      minmay_octagon_keep, layout_loops_ring, mainiacjoe_overflow_brackets,
          ebering_dispersal_statue_hall, minmay_misc_feat_tiny
D:6:      layout_loops_corners, mainiacjoe_overflow_six_doors_small,
          minmay_misc_feat_nine_boxes
D:7:      layout_gridville, lemuel_temple_firewalk_b
D:8:      layout_rooms
D:9:      layout_roguey, nicolae_overflow_quartered_altars, guppyfry_shop_venom
D:10:     nicolae_cairo_tiling_large_dashed, layout_loops_ring,
          hiddenorc1_lemuel, minivault_23, uniq_nergalle
Temple:   dpeg_chambers_temple

Notes
Turn   | Place    | Note
-------+----------+-------------------------------------------
     0 | D:1      | kingofthe the Deep Elf Conjurer began the quest for the
                  | Orb.
     0 | D:1      | Reached XP level 1. HP: 10/10 MP: 6/6
   331 | D:1      | Reached XP level 2. HP: 15/15 MP: 5/8
   334 | D:1      | Learned a level 2 spell: Searing Ray
  1040 | D:2      | Reached skill level 3 in Dodging
  1094 | D:2      | Reached XP level 3. HP: 19/19 MP: 5/10
  1096 | D:2      | Noticed Robin
  1274 | D:2      | Reached skill level 3 in Stealth
  1274 | D:2      | Killed Robin
  1355 | D:2      | Found a faded altar of an unknown god.
  1439 | D:2      | Reached skill level 5 in Conjurations
  1525 | D:2      | Reached XP level 4. HP: 24/24 MP: 6/11
  1538 | D:2      | Reached skill level 4 in Spellcasting
  1668 | D:2      | Identified the +2 scale mail of Disguise {Rampage rElec
                  | rC++ Int-4}
  1790 | D:2      | Noticed Natasha
  1794 | D:2      | Killed Natasha
  2001 | D:2      | Noticed Natasha
  2004 | D:2      | Killed Natasha
  2340 | D:2      | Reached XP level 5. HP: 27/28 MP: 7/13
  2345 | D:2      | Learned a level 4 spell: Fulminant Prism
  2684 | D:2      | Found a faded altar of an unknown god.
  3334 | D:2      | Noticed Natasha
  3342 | D:2      | Killed Natasha
  3343 | D:2      | Reached skill level 4 in Dodging
  3343 | D:2      | Reached skill level 1 in Hexes
  3467 | D:2      | Found a faded altar of an unknown god.
  3619 | D:3      | Noticed Ijyb
  3633 | D:3      | Killed Ijyb
  3634 | D:3      | Reached skill level 2 in Hexes
  4134 | D:3      | Found a burning altar of Makhleb.
  4809 | D:4      | Found a transporter.
  4810 | D:4      | Noticed an ogre
  4811 | D:4      | Noticed Smoke131's ghost (novice OgGl)
  4812 | D:4      | Found a transporter.
  4864 | D:4      | Reached skill level 5 in Spellcasting
  4864 | D:4      | Reached XP level 6. HP: 32/32 MP: 9/15
  4910 | D:4      | Reached skill level 3 in Hexes
  5225 | D:4      | Found Hawaf's Jewellery Boutique.
  5292 | D:4      | Reached skill level 4 in Hexes
  5313 | D:4      | Reached skill level 6 in Conjurations
  5440 | D:4      | Found a shimmering altar of Xom.
  5790 | D:5      | Entered Level 5 of the Dungeon
  5859 | D:5      | Reached XP level 7. HP: 36/36 MP: 12/17
  5894 | D:5      | Reached skill level 5 in Hexes
  6028 | D:5      | Reached skill level 6 in Spellcasting
  6104 | D:5      | Learned a level 3 spell: Tukima's Dance
  6212 | D:5      | Reached skill level 6 in Hexes
  6389 | D:5      | Found a radiant altar of Vehumet.
  6628 | D:5      | HP: 3/36 [ogre/+0 giant spiked club (33)]
  6762 | D:5      | Reached skill level 7 in Conjurations
  6895 | D:5      | Reached XP level 8. HP: 41/41 MP: 11/20
  6957 | D:5      | Reached skill level 7 in Spellcasting
  7012 | D:5      | Reached skill level 7 in Hexes
  7505 | D:6      | Reached skill level 8 in Conjurations
  8064 | D:6      | Found a shimmering blue altar of Sif Muna.
  8067 | D:6      | Became a worshipper of Sif Muna the Loreminder
  8192 | D:6      | Reached skill level 8 in Spellcasting
  8258 | D:6      | Reached skill level 8 in Hexes
  8657 | D:6      | Reached skill level 9 in Conjurations
  8950 | D:7      | Reached XP level 9. HP: 45/45 MP: 17/23
  9319 | D:7      | Reached * piety under Sif Muna
  9402 | D:7      | Identified the +3 rapier of Capital Punishment {venom, rC+}
  9441 | D:7      | Reached skill level 9 in Spellcasting
  9576 | D:7      | Reached skill level 10 in Conjurations
  9602 | D:7      | Found a staircase to the Ecumenical Temple.
  9631 | D:7      | Reached skill level 9 in Hexes
  9800 | Temple   | Entered the Ecumenical Temple
 10190 | D:4      | Bought an amulet of magic regeneration for 360 gold pieces
 10333 | D:7      | Reached skill level 1 in Invocations
 10817 | D:8      | Reached skill level 4 in Stealth
 10829 | D:8      | Noticed a troll
 10835 | D:8      | Killed a troll
 10836 | D:8      | Reached skill level 2 in Invocations
 10875 | D:8      | Reached skill level 5 in Dodging
 10893 | D:8      | Noticed a manticore
 11151 | D:8      | Killed a manticore
 11152 | D:8      | Reached skill level 3 in Invocations
 11152 | D:8      | Reached XP level 10. HP: 50/50 MP: 20/25
 11688 | D:9      | Learned a level 2 spell: Blink
 11704 | D:9      | Found a hazy altar of Hepliaklqana.
 11715 | D:9      | Found an ornate altar of the Wu Jian Council.
 11762 | D:9      | Found Erett's Serpentskin Sales.
 12008 | D:9      | Reached ** piety under Sif Muna
 12009 | D:9      | Reached skill level 6 in Dodging
 12009 | D:9      | Reached skill level 5 in Stealth
 12009 | D:9      | Reached skill level 1 in Translocations
 12009 | D:9      | Reached skill level 4 in Invocations
 12345 | D:9      | Found a snail-covered altar of Cheibriados.
 12357 | D:9      | Found a stormy altar of Qazlal.
 12457 | D:9      | Reached skill level 2 in Translocations
 12723 | D:10     | Entered Level 10 of the Dungeon
 12731 | D:10     | Noticed a two-headed ogre
 12997 | D:10     | Reached skill level 10 in Spellcasting
 13112 | D:10     | Reached skill level 3 in Translocations
 13138 | D:10     | Reached skill level 10 in Hexes
 13138 | D:10     | Reached skill level 5 in Invocations
 13202 | D:10     | Reached skill level 7 in Dodging
 13223 | D:10     | Found a staircase to the Orcish Mines.
 13304 | D:10     | Killed a two-headed ogre
 13328 | D:10     | Noticed Nergalle
 13670 | D:10     | Reached XP level 11. HP: 54/54 MP: 22/27
 13675 | D:10     | Learned a level 4 spell: Iskenderun's Mystic Blast
 13907 | D:10     | HP: 3/50 [spectral orc knight/+0 war axe[Nergalle] (13)]
 13907 | D:10     | HP: 1/48 [spectral orc knight/+0 war axe[Nergalle] (2)]
 13912 | D:10     | Mangled by a spectral orc knight

Vanquished Creatures
  A two-headed ogre (D:10)
  A manticore (D:8)
  An unseen horror (D:9)
  A kobold demonologist (D:10)
  A hornet (D:7)
  A troll (D:8)
  A wyvern (D:9)
  8 yaks
  7 water moccasins
  2 orc warriors
  2 ogres
  2 sky beasts
  A black bear (D:8)
  3 centaurs
  A phantom (D:5)
  5 kobold brigands
  4 bullfrogs
  3 scorpions
  3 gnoll sergeants
  2 necrophages (D:5)
  4 wights (D:9)
  10 killer bees
  A howler monkey (D:10)
  11 hounds
  4 jellies
  An orc priest (D:9)
  6 orc wizards
  Ijyb (D:3)
  Natasha (thrice) (D:2)
  3 iguanas
  Robin (D:2)
  16 gnolls
  12 adders
  3 shadow imps
  4 worms
  4 dart slugs
  31 orcs
  6 ball pythons
  7 endoplasms
  5 giant cockroaches
  7 goblins (D:2)
  15 hobgoblins
  11 jackals
  26 kobolds
  6 quokkas
  2 bats (D:1)
  6 frilled lizards
  2 rats (D:1)
258 creatures vanquished.

Vanquished Creatures (others)
  89 fulminant prisms
89 creatures vanquished.

Grand Total: 347 creatures vanquished

Table legend: (Time is in decaauts)
 A = Elapsed time spent in this place.
 B = Non-inter-level travel time spent in this place.
 C = Inter-level travel time spent in this place.
 D = Time resting spent in this place.
 E = Time spent auto-exploring this place.
 F = Levels seen in this place.
 G = Mean time per level.
                   A        B        C        D        E       F      G
               +--------+--------+--------+--------+--------+-----+--------+
         Total |  13932 |  13262 |    670 |   1420 |  10103 |  11 | 1266.5 |
       Dungeon |  13705 |  13057 |    648 |   1420 |   9912 |  10 | 1370.5 |
        Temple |    226 |    204 |     22 |      0 |    191 |   1 |  226.0 |
               +--------+--------+--------+--------+--------+-----+--------+

Top non-repeatable levels by time:
     D:2: 2521 daAuts
     D:9: 1776 daAuts
     D:5: 1711 daAuts
     D:6: 1551 daAuts
     D:7: 1436 daAuts
     D:4: 1173 daAuts
     D:3: 1156 daAuts
     D:1: 1015 daAuts
    D:10: 748 daAuts
     D:8: 613 daAuts
  Temple: 226 daAuts

Table legend:
 A = Non-vault XP
 B = Vault XP
 C = Vault XP percentage of total XP
 D = Non-vault monster count
 E = Vault monster count
 F = Vault count percentage of total count
                 A         B        C        D         E       F
            +---------+---------+-------+---------+---------+-------
      Total |   10070 |    1109 |   9.9 |     196 |      62 |  24.0
            +---------+---------+-------+---------+---------+-------
        D:1 |      31 |       0 |   0.0 |      18 |       0 |   0.0
        D:2 |     123 |      90 |  42.3 |      18 |      21 |  53.8
        D:3 |      68 |      35 |  34.0 |      14 |       1 |   6.7
        D:4 |     175 |     183 |  51.1 |      11 |      10 |  47.6
        D:5 |     689 |     450 |  39.5 |      24 |      11 |  31.4
        D:6 |     870 |       0 |   0.0 |      20 |       0 |   0.0
        D:7 |    1492 |       0 |   0.0 |      24 |       0 |   0.0
        D:8 |    1846 |       0 |   0.0 |      29 |       0 |   0.0
        D:9 |    2124 |     182 |   7.9 |      16 |       7 |  30.4
       D:10 |    2652 |     169 |   6.0 |      22 |      12 |  35.3
            +---------+---------+-------+---------+---------+-------
